 Dungeon Crawl Stone Soup version 0.27-a0-1219-g958d993ae5 (console) character file.

Game seed: 2645301775201159730

223665 jejorda2 the Impaler (level 19, -1/244 HPs)
             Began as a Merfolk Berserker on June 6, 2021.
             Was the Champion of Trog.
             Shot with an arrow by a naga sharpshooter (3 damage)
             ... on level 4 of the Snake Pit.
             The game lasted 01:26:05 (33708 turns).

jejorda2 the Impaler (Merfolk Berserker)           Turns: 33708, Time: 01:26:06

Health: -1/244     AC: 37    Str: 24    XL:     19   Next: 27%
Magic:  6/19       EV: 14    Int:  6    God:    Trog [******]
Gold:   1815       SH:  0    Dex: 15    Spells: 18/18 levels left

rFire    + . .     SeeInvis .   a - +8 glaive {elec, spectral, AC+5}
rCold    + . .     Faith    .   (shield currently unavailable)
rNeg     . . .     Spirit   .   C - +3 storm dragon scales {Bai Suzhen}
rPois    +         Reflect  .   Q - +2 helmet
rElec    +         Harm     .   H - +2 cloak {Stlth+}
rCorr    .         Rampage  +   n - +2 pair of gloves
Will     ++...                  N - +2 pair of boots {rampage}
Stlth    ..........             Z - amulet "Bathrassa" {rPois rC+ Will+ Regen+}
HPRegen  1.50/turn              h - +4 ring of slaying
MPRegen  0.16/turn              S - ring of protection from fire

@: berserking, lethally poisoned (-1 -> -3), very quick
A: (nimble swimmer 2), mertail, no potion heal 1
}: 1/15 runes: decaying
a: Renounce Religion, Berserk, Trog's Hand, Brothers in Arms


You were on level 4 of the Snake Pit.
You worshipped Trog.
Trog was exalted by your worship.
You visited 5 branches of the dungeon, and saw 31 of its levels.

You collected 4789 gold pieces.
You spent 2974 gold pieces at shops.

Inventory:

Hand Weapons
 a - the +8 glaive of the Guard (weapon) {elec, spectral, AC+5}
   (You found it on level 2 of the Lair of Beasts)

   Occasionally, upon striking a foe, it can discharge electrical energy and
   cause terrible harm.
   When it strikes, its spirit leaps out and fights alongside the wielder.
   It affects your AC (+5).
 b - the +7 pair of quick blades "Gyre" and "Gimble" {protect}
   (You found it on level 7 of the Dungeon)

   It grants its wielder temporary protection when it strikes (+7 to AC).
 w - a +2 antimagic bardiche
Missiles
 l - 48 boomerangs (quivered)
 t - 114 poisoned darts
 A - 7 silver javelins
 E - 19 javelins
 T - 5 throwing nets
 W - 2 curare-tipped darts
Armour
 n - a +2 pair of gloves (worn)
 C - +3 storm dragon scales (worn) {Bai Suzhen}
 H - a +2 cloak of stealth (worn)
 N - a +2 pair of boots of rampaging (worn)
 Q - a +2 helmet (worn)
Jewellery
 h - a +4 ring of slaying (left hand)
 k - a ring of flight
 o - a ring of see invisible
 B - a ring of protection from cold
 G - a ring of resist corrosion
 S - a ring of protection from fire (right hand)
 Z - the amulet "Bathrassa" (around neck) {rPois rC+ Will+ Regen+}
   (You acquired it on level 5 of the Lair of Beasts)

   [amulet of regeneration]

   It protects you from cold.
   It protects you from poison.
   It increases your rate of health regeneration.
   It increases your willpower.
Wands
 d - a wand of iceblast (63)
 p - a wand of acid (4)
 u - a wand of paralysis (28)
 v - a wand of polymorph (12)
 D - a wand of flame (64)
 I - a wand of mindburst (34)
 J - a wand of charming (24)
Scrolls
 c - 15 scrolls of teleportation
 e - 2 scrolls of holy word
 m - 4 scrolls of fog
 U - a scroll of fear
 V - a scroll of magic mapping
 X - a scroll of silence
Potions
 f - 11 potions of attraction
 g - 5 potions of might
 i - 7 potions of flight
 j - 7 potions of mutation
 q - 4 potions of invisibility
 r - 2 potions of lignification
 s - 5 potions of heal wounds
 x - 15 potions of ambrosia
 z - 2 potions of berserk rage
 K - 9 potions of curing
 L - 2 potions of resistance
 O - 6 potions of haste
 R - 6 potions of cancellation
Miscellaneous
 P - a lightning rod (4/4)


   Skills:
 + Level 18.2 Fighting
 - Level 3.5(9.1) Short Blades
 - Level 11.8(12.0) Long Blades
 + Level 20.2 Polearms
 - Level 16.0 Throwing
 * Level 12.5 Armour
 + Level 13.3 Dodging
 - Level 9.0 Evocations


You had 18 spell levels left.
You didn't know any spells.
Your spell library was empty.

Dungeon Overview and Level Annotations

Branches:
Dungeon (15/15)            Temple (0/1) D:4            Lair (6/6) D:11
  Swamp (4/4) Lair:2        Snake (4/4) Lair:4        Slime (0/5) Lair:6
    Orc (2/2) D:10            Elf (0/3) Orc:2        Vaults (0/5) D:13
 Depths (0/5) D:15

Altars:
Dithmenos
Fedhas
Kikubaaqudgha
Makhleb
Nemelex Xobeh
Okawaru
Qazlal
Ru
Trog
Vehumet
Wu Jian
Beogh
Jiyva

Shops:
D:3 *   D:4 =   D:8 ([[(   D:9 :   D:10 [   D:11 :   D:13 !   Orc:2 ?:[(
Snake:1 =   Snake:3 (

Annotations:
D:10 2 transporters


Innate Abilities, Weirdness & Mutations

((You are quick and stealthy near water. (Stealth+, EV+, Speed+++)))
Your lower body shifts to a powerful aquatic tail in water.
Potions are less effective at restoring your health.


Message History

You feel sick. The black mamba closely misses you.
The naga sharpshooter unwields a +0 glaive.
The naga sharpshooter wields a +0 shortbow of freezing.
It is covered in frost.
The naga sharpshooter casts a spell.
The naga sharpshooter magically shoots an arrow.
The arrow misses you.
The naga mage hits you but does no damage.
You completely miss the black mamba.
The black mamba is almost dead.
Your spectral weapon hits the black mamba from afar!
Lightning courses through the black mamba!
You kill the black mamba!
Trog accepts your kill.
You feel sick. The naga warrior misses you.
Reach: a) +8 glaive {elec, spectral, AC+5}
Press: ? - help, Dir - move target, f - naga mage
Aim: a naga mage, wielding a +0 halberd and wearing a +0 robe (fast, about 22% to evade the +8 glaive of the Guard)
You reach to attack!
You closely miss the naga mage.
Your spectral weapon hits the naga mage from afar!
Lightning courses through the naga mage!
You feel sick. The naga mage spits poison at you.
The splash of poison hits you but does no damage.
You are lethally poisoned!
You resist.
Unknown command.
Reach: a) +8 glaive {elec, spectral, AC+5}
Press: ? - help, Dir - move target, f/p - naga mage
Aim: a naga mage, wielding a +0 halberd and wearing a +0 robe (moderately wounded, fast, catching its breath, about 22% to evade the +8 glaive of the Guard)
You reach to attack!
You slice the naga mage!!
You kill the naga mage!
Trog accepts your kill.
Trog appreciates your killing of a magic user.
* * * LOW HITPOINT WARNING * * *
You feel sick.
The naga sharpshooter mumbles some strange words.
The naga sharpshooter magically shoots an arrow.
The arrow hits you.
You die...

#####
###.<.###
##.......##
##....8....#
##...#####...#
##...## #...#
#..†## # #...
###...###...#
...
+...§@)......
..
#8..)))8..<..
+..§N))......
###..N###...#
#...# ####
##... ##.. ##.


You could see a naga warrior (strong) and a naga sharpshooter (strong).

Vanquished Creatures
  the Lernaean hydra (Swamp:4)
  Bai Suzhen (Swamp:3)
  A tentacled monstrosity (Swamp:1)
  A thorn hunter (Swamp:2)
  Kirke (D:15)
  A fenstrider witch (Swamp:4)
  4 nagarajas
  The ghost of Qucsich the Severer, a journeyman HOAr of Beogh (D:15)
  An orc warlord (Orc:1)
  Aizul (Snake:3)
  Louise (Snake:3)
  A ghoul (Swamp:4)
  A very ugly thing (D:15)
  Nessos (D:13)
  6 bunyips
  3 spark wasps (Swamp:1)
  Josephine (D:15)
  6 eleionomae
  A rakshasa (D:15)
  A salamander tyrant (Snake:2)
  Harold (Orc:1)
  A shambling mangrove (Swamp:4)
  29 hydras
  2 ghost crabs
  6 boulder beetles
  A spriggan air mage (Swamp:4)
  6 naga warriors
  7 centaur warriors
  Erica (D:8)
  10 anacondas
  5 two-headed ogres
  13 alligators
  A death yak (Lair:5)
  6 naga sharpshooters
  A vampire mage (D:15)
  8 shock serpents
  Urug (D:13)
  A salamander mystic (Snake:2)
  Sonja (Lair:3)
  4 goliath frogs
  11 skeletal warriors
  A goliath frog (shapeshifter) (D:15)
  A sea snake (Snake:3)
  4 spriggan druids
  A storm dragon skeleton (D:15)
  15 bog bodies
  2 naga ritualists
  11 swamp dragons
  A glowing orange brain (D:15)
  A wizard (D:15)
  10 orc knights
  2 lindwurms
  A deep elf pyromancer (D:13)
  A mana viper (shapeshifter) (D:15)
  2 necromancers
  A wolf spider (Lair:6)
  2 mana vipers
  4 cyclopes
  3 oklob plants
  9 salamanders
  4 manticores
  3 will-o-the-wisps
  17 elephants
  6 ugly things
  Maurice (D:13)
  15 naga magi
  2 guardian serpents
  34 black mambas
  14 cane toads
  3 rime drakes
  An unseen horror (D:11)
  Psyche (D:12)
  A kobold demonologist (D:12)
  10 komodo dragons
  A komodo dragon (shapeshifter) (D:15)
  A queen bee (Lair:2)
  7 tyrant leeches
  7 polar bears (Lair:1)
  A bloated husk (Swamp:1)
  3 meliai (D:14)
  11 hornets
  4 trolls
  6 blink frogs
  15 dream sheep
  10 slime creatures
  3 spriggan zombies (D:15)
  A meliai zombie (D:10)
  A redback (shapeshifter) (D:15)
  Sigmund (D:4)
  A centaur simulacrum (D:15)
  A redback (Lair:6)
  7 spriggans
  A shadow (D:12)
  A human (shapeshifter) (D:15)
  11 wyverns
  3 vampires
  11 wraiths
  16 humans (D:13)
  Eustachio (D:4)
  2 water elementals (D:14)
  40 yaks
  Grum (D:10)
  A hog (D:15)
  6 basilisks
  Menkaure (D:7)
  22 vampire mosquitoes
  26 nagas
  2 acid dragons
  21 water moccasins
  7 wargs
  20 swamp worms
  A water moccasin (shapeshifter) (D:15)
  9 swamp drakes
  A hornet zombie (D:7)
  47 orc warriors
  A sky beast (D:6)
  2 ice beasts
  11 black bears
  4 necrophages
  11 ogres
  9 wolves
  12 centaurs
  A phantom (D:5)
  4 kobold brigands
  24 bullfrogs
  2 scorpions
  A wyvern zombie (D:6)
  Dowan (D:7)
  A wyvern skeleton (D:6)
  A hornet simulacrum (D:11)
  23 killer bees (Lair:2)
  8 electric eels
  A wight (D:6)
  2 centaur zombies
  3 howler monkeys
  16 orc priests
  A bullfrog zombie (D:6)
  2 centaur skeletons
  A gnoll shaman (D:7)
  2 jellies
  4 hounds
  2 bullfrog skeletons
  10 hell rats
  5 iguanas
  21 orc wizards
  3 polar bear simulacra (D:9)
  5 yak simulacra (D:9)
  2 wolf simulacra (D:9)
  3 hound zombies
  A howler monkey skeleton (D:6)
  11 gnolls
  A howler monkey zombie (D:9)
  11 adders
  2 white imps
  An ufetubus (D:4)
  A worm (D:5)
  5 dart slugs
  92 orcs
  7 ball pythons
  5 bats
  11 endoplasms
  2 giant cockroaches
  8 goblins
  9 hobgoblins
  3 jackals (D:3)
  34 kobolds
  3 frilled lizards
  7 rats
  A river rat simulacrum (D:9)
  A briar patch (Swamp:2)
  A plant (Lair:2)
1083 creatures vanquished.

Vanquished Creatures (collateral kills)
  2 ugly things (D:15)
  A neqoxec (D:15)
  2 yaks (D:12)
  Duvessa (D:7)
6 creatures vanquished.

Vanquished Creatures (others)
  3 bloated husks
  A tyrant leech (Swamp:2)
  4 humans (D:15)
  An orc (D:6)
  9 foxfires
  70 fungi
  149 plants
  7 withered plants (D:15)
244 creatures vanquished.

Grand Total: 1333 creatures vanquished

Notes
Turn   | Place    | Note
-------+----------+-------------------------------------------
     0 | D:1      | jejorda2 the Merfolk Berserker began the quest for the Orb.
     0 | D:1      | Reached XP level 1. HP: 18/18 MP: 1/1
   288 | D:1      | Reached XP level 2. HP: 24/24 MP: 2/2
   965 | D:1      | Found a faded altar of an unknown god.
   970 | D:1      | Reached XP level 3. HP: 26/29 MP: 3/3
  1144 | D:2      | Reached ** piety under Trog
  1377 | D:2      | Reached XP level 4. HP: 37/37 MP: 4/4
  2312 | D:3      | Reached XP level 5. HP: 34/42 MP: 5/5
  2436 | D:3      | Reached skill level 5 in Long Blades
  2632 | D:3      | Found a radiant altar of Vehumet.
  2637 | D:3      | Found Sag Etao's Assorted Antiques.
  2651 | D:3      | Bought a scroll labelled RARAEL OTEIL for 21 gold pieces
  2756 | D:3      | Found an iron altar of Okawaru.
  3066 | D:4      | Noticed Sigmund
  3079 | D:4      | Killed Sigmund
  3080 | D:4      | Reached XP level 6. HP: 50/50 MP: 6/6
  3153 | D:4      | Found a staircase to the Ecumenical Temple.
  3394 | D:4      | Found Alerowoc's Jewellery Shop.
  3578 | D:4      | Found a bloodstained altar of Trog.
  3611 | D:4      | Reached skill level 5 in Fighting
  3611 | D:4      | Reached XP level 7. HP: 46/56 MP: 7/7
  4071 | D:4      | Noticed Eustachio
  4093 | D:4      | Killed Eustachio
  4093 | D:4      | Reached *** piety under Trog
  4257 | D:4      | Found a shadowy altar of Dithmenos.
  4528 | D:5      | Entered Level 5 of the Dungeon
  4583 | D:5      | Reached XP level 8. HP: 62/64 MP: 8/8
  5776 | D:6      | Reached skill level 1 in Throwing
  6213 | D:6      | Reached XP level 9. HP: 45/69 MP: 9/9
  7167 | D:6      | Reached skill level 10 in Long Blades
  7566 | D:6      | Reached **** piety under Trog
  7567 | D:6      | Reached skill level 5 in Armour
  7998 | D:7      | Noticed Menkaure
  8118 | D:7      | Killed Menkaure
  8118 | D:7      | Noticed Duvessa
  8125 | D:7      | Noticed Dowan
  8184 | D:7      | Killed Duvessa
  8185 | D:7      | Killed Dowan
  8334 | D:7      | Reached skill level 1 in Short Blades
  8341 | D:7      | Identified the +8 dagger "Wierur" {venom, Dex+8}
  8357 | D:7      | Reached XP level 10. HP: 53/76 MP: 10/10
  8624 | D:7      | Noticed a two-headed ogre
  8624 | D:7      | Noticed a two-headed ogre
  8633 | D:7      | Killed a two-headed ogre
  8639 | D:7      | Killed a two-headed ogre
  8640 | D:7      | Reached skill level 5 in Throwing
  8646 | D:7      | Found the +7 pair of quick blades "Gyre" and "Gimble"
                  | {protect}
  8942 | D:8      | Noticed Erica
  8955 | D:8      | Killed Erica
  8956 | D:8      | Reached skill level 1 in Evocations
  8977 | D:8      | Reached skill level 5 in Dodging
  9413 | D:8      | Found Rotag's Antique Weapon Emporium.
  9550 | D:3      | Bought a runed cloak for 157 gold pieces
  9617 | D:4      | Bought a ring of poison resistance for 200 gold pieces
  9853 | D:8      | Found an ancient bone altar of Kikubaaqudgha.
  9854 | D:8      | Found Picezid's Antique Weapon Boutique.
  9854 | D:8      | Found Woixinn's Armour Shop.
  9930 | D:8      | Found Etrasug's Armour Boutique.
  9994 | D:8      | Found a sparkling altar of Nemelex Xobeh.
 10182 | D:9      | Found Bynaewy's Book Boutique.
 10231 | D:9      | Found an ornate altar of the Wu Jian Council.
 10316 | D:9      | Reached XP level 11. HP: 81/81 MP: 11/11
 10741 | D:9      | Found Ikuiwn's Distillery.
 10873 | D:9      | Noticed a necromancer
 10888 | D:9      | Killed a necromancer
 11458 | D:9      | Found a blossoming altar of Fedhas.
 11577 | D:9      | You fall into a shaft and drop 3 floors!
 11596 | D:12     | Reached skill level 5 in Evocations
 11648 | D:12     | Noticed a boulder beetle
 11669 | D:12     | Killed a boulder beetle
 11837 | D:12     | Noticed Psyche
 11852 | D:12     | Killed Psyche
 11965 | D:12     | Noticed a cyan ugly thing
 12053 | D:12     | Noticed a manticore
 12065 | D:12     | Killed a manticore
 12095 | D:12     | Identified the +6 scale mail of Daffodils {rC- rN+ Dex+4}
 12118 | D:12     | Reached ***** piety under Trog
 12123 | D:12     | Killed a cyan ugly thing
 12391 | D:12     | Reached XP level 12. HP: 89/89 MP: 12/12
 12562 | D:11     | Identified a scroll of acquirement
 12562 | D:11     | Acquired 703 gold pieces
 12693 | D:11     | Found a staircase to the Lair.
 12928 | D:11     | Found Lyovat's Book Emporium.
 13178 | D:11     | Noticed a seven-headed hydra
 13184 | D:11     | Killed a seven-headed hydra
 13366 | D:11     | Found a transporter.
 13369 | D:11     | Noticed a boulder beetle
 13370 | D:11     | Found a transporter.
 13370 | D:11     | Noticed a boulder beetle
 13681 | D:11     | Killed a boulder beetle
 13688 | D:11     | Killed a boulder beetle
 13889 | D:10     | Entered Level 10 of the Dungeon
 13889 | D:10     | Noticed a two-headed ogre
 13916 | D:10     | Found a staircase to the Orcish Mines.
 14029 | D:10     | Found Xevobb's Armour Shoppe.
 14071 | D:10     | Noticed a rakshasa
 14073 | D:10     | Noticed a two-headed ogre
 14077 | D:10     | Noticed Grum
 14093 | D:10     | Killed Grum
 14408 | D:10     | Found a transporter.
 14411 | D:10     | Found a transporter.
 14500 | D:10     | Received a gift from Trog
 14697 | D:10     | Reached skill level 10 in Dodging
 15395 | D:4      | Bought the necklace of Bloodlust {*Rage +Rage Will++ Int-3
                  | Slay+6} for 432 gold pieces
 15395 | D:4      | Found the necklace of Bloodlust {*Rage +Rage Will++ Int-3
                  | Slay+6}
 15483 | D:8      | Bought a +2 chain mail of fire resistance for 258 gold
                  | pieces
 15545 | D:10     | Noticed a fire dragon
 15579 | Lair:1   | Entered Level 1 of the Lair of Beasts
 15579 | Lair:1   | Noticed an eight-headed hydra
 15595 | Lair:1   | Killed an eight-headed hydra
 15714 | Lair:1   | Reached XP level 13. HP: 88/98 MP: 13/13
 15991 | Lair:1   | Reached skill level 10 in Throwing
 16118 | Lair:1   | Found a stormy altar of Qazlal.
 17136 | Lair:2   | Received a gift from Trog
 17339 | Lair:2   | Found the +8 glaive of the Guard {elec, spectral, AC+5}
 17769 | Lair:2   | Found a staircase to the Swamp.
 18166 | Lair:3   | Reached skill level 1 in Polearms
 18169 | Lair:3   | Reached skill level 2 in Polearms
 18231 | Lair:3   | Reached skill level 3 in Polearms
 18399 | Lair:3   | Reached skill level 4 in Polearms
 18622 | Lair:3   | Noticed Sonja
 18630 | Lair:3   | Killed Sonja
 18631 | Lair:3   | Reached skill level 5 in Polearms
 19082 | Lair:3   | Reached XP level 14. HP: 108/108 MP: 14/14
 19186 | Lair:3   | Reached skill level 6 in Polearms
 19498 | Lair:4   | Reached skill level 7 in Polearms
 19569 | Lair:4   | Found a staircase to the Snake Pit.
 19575 | Lair:4   | Found a burning altar of Makhleb.
 19580 | Lair:4   | Reached skill level 8 in Polearms
 19671 | Lair:4   | Reached skill level 9 in Polearms
 19684 | Lair:4   | Identified the +6 scimitar of Honour {vorpal, Dex+3 Stlth+}
                  | (Trog gifted it to you on level 4 of the Lair of Beasts)
 19684 | Lair:4   | Received a gift from Trog
 19830 | Lair:4   | Reached skill level 10 in Polearms
 20467 | Lair:5   | Reached skill level 11 in Polearms
 20539 | Lair:5   | Reached skill level 12 in Polearms
 20882 | Lair:5   | Reached skill level 13 in Polearms
 21187 | Lair:5   | Acquired the amulet "Bathrassa" {rPois rC+ Will+ Regen+}
 21425 | Lair:5   | Reached skill level 14 in Polearms
 21822 | Lair:5   | Reached skill level 15 in Polearms
 21944 | Lair:6   | Entered Level 6 of the Lair of Beasts
 22020 | Lair:6   | Found a viscous altar of Jiyva.
 22020 | Lair:6   | Found a staircase to the Slime Pits.
 22066 | Lair:6   | Received a gift from Trog
 22099 | Lair:6   | Reached XP level 15. HP: 114/114 MP: 15/15
 22125 | Lair:6   | Reached skill level 16 in Polearms
 22220 | Lair:6   | Reached ****** piety under Trog
 22479 | Orc:1    | Entered Level 1 of the Orcish Mines
 22479 | Orc:1    | Noticed an orc warlord
 22487 | Orc:1    | Reached skill level 17 in Polearms
 22490 | Orc:1    | Killed an orc warlord
 22598 | Orc:1    | Noticed Harold
 22606 | Orc:1    | Killed Harold
 22754 | Orc:1    | Found a bloodstained altar of Trog.
 22970 | Orc:2    | Entered Level 2 of the Orcish Mines
 22997 | Orc:2    | Received a gift from Trog
 23051 | Orc:2    | Reached skill level 18 in Polearms
 23334 | Orc:2    | Found a staircase to the Elven Halls.
 23622 | Orc:2    | Found Ygobbono's Antique Weapon Shop.
 23622 | Orc:2    | Found Reecvas's Armour Emporium.
 23671 | Orc:2    | Found Woariargheu's Book Shop.
 23678 | Orc:2    | Found Todeo's Magic Scroll Emporium.
 24331 | D:13     | Found a gate to the Vaults.
 24331 | D:13     | Noticed Nessos
 24331 | D:13     | Noticed Urug
 24516 | D:13     | Noticed Maurice
 24523 | D:13     | Killed Maurice
 24693 | D:13     | Acquired a manual of Throwing
 24729 | D:13     | Reached skill level 19 in Polearms
 24755 | D:13     | Received a gift from Trog
 24772 | D:13     | Killed Nessos
 24917 | D:9      | Bought a manual of Fighting for 1656 gold pieces
 25015 | D:13     | Reached skill level 10 in Armour
 25101 | D:13     | Found Sicosuupp's Distillery.
 25433 | D:13     | Killed Urug
 25718 | D:14     | Reached skill level 20 in Polearms
 25722 | D:14     | Reached skill level 10 in Fighting
 25724 | D:14     | Reached XP level 16. HP: 122/122 MP: 16/16
 25756 | D:14     | Identified the +6 falchion of Viny Purpose {distort,
                  | *Corrode Will+ Str+4 Dex+4}
 26478 | D:15     | Entered Level 15 of the Dungeon
 26478 | D:15     | Noticed Kirke
 26486 | D:15     | Killed Kirke
 26537 | D:15     | Found a runed translucent gate.
 26537 | D:15     | Found a runed translucent gate.
 26537 | D:15     | Found a runed translucent gate.
 26579 | D:15     | Found a staircase to the Depths.
 26775 | D:15     | Noticed Josephine
 26783 | D:15     | Killed Josephine
 26808 | D:15     | Found a sacrificial altar of Ru.
 27305 | D:15     | Found a runed translucent gate.
 27305 | D:15     | Found a runed translucent gate.
 27312 | D:15     | Noticed Qucsich's ghost (journeyman HOAr)
 27314 | D:15     | Found a runed translucent gate.
 27326 | D:15     | Killed Qucsich's ghost
 27437 | D:15     | Identified the +0 cloak of Ypifec {rElec Will- Str+5}
 27462 | D:15     | Gained mutation: Potions are less effective at restoring
                  | your health. [mutagenic glow]
 27766 | Swamp:1  | Entered Level 1 of the Swamp
 27955 | Swamp:1  | Reached skill level 15 in Throwing
 28086 | Swamp:1  | Reached skill level 15 in Fighting
 28098 | Swamp:1  | Noticed a tentacled monstrosity
 28106 | Swamp:1  | Killed a tentacled monstrosity
 28107 | Swamp:1  | Reached XP level 17. HP: 115/142 MP: 17/17
 28517 | Swamp:2  | Identified the +4 great sword of Anguish {vorpal, rPois}
                  | (Trog gifted it to you on level 2 of the Swamp)
 28517 | Swamp:2  | Received a gift from Trog
 29741 | Swamp:4  | Entered Level 4 of the Swamp
 29985 | Swamp:4  | Reached XP level 18. HP: 99/155 MP: 18/18
 30241 | Swamp:4  | Noticed Bai Suzhen
 30418 | Swamp:3  | Killed Bai Suzhen
 30722 | D:4      | Bought a ring of protection from fire for 250 gold pieces
 31012 | Swamp:4  | Received a gift from Trog
 31042 | Swamp:4  | Noticed the 27-headed Lernaean hydra
 31052 | Swamp:4  | Killed the 27-headed Lernaean hydra
 31102 | Swamp:4  | Got a decaying rune of Zot
 31448 | Snake:1  | Entered Level 1 of the Snake Pit
 31795 | Snake:1  | Found Fuemooh's Jewellery Shop.
 32661 | Snake:2  | Received a gift from Trog
 33091 | Snake:3  | Noticed Louise
 33097 | Snake:3  | Reached XP level 19. HP: 162/163 MP: 19/19
 33106 | Snake:3  | Killed Louise
 33178 | Snake:3  | Noticed Aizul
 33188 | Snake:3  | Killed Aizul
 33255 | Snake:3  | Identified the +8 spear of Terror {vorpal, rF+ rC- Int+2}
 33270 | Snake:3  | Found Unem Kih's Antique Weapon Shop.
 33679 | Snake:4  | Entered Level 4 of the Snake Pit
 33703 | Snake:4  | HP: 4/244 [naga warrior/+0 battleaxe (25)]
 33708 | Snake:4  | HP: 2/244 [poisoned by a naga mage (splash of poison)]
 33708 | Snake:4  | Shot with an arrow by a naga sharpshooter

Illustrated notes

Levels and vault maps discovered:
D:1:      dpeg_arrival_tiny_c, layout_loops_ring,
          hellmonk_ecumenical_altar_inner_sanctum, minivault_25
D:2:      layout_basic
D:3:      layout_basic, lemuel_doored_altar, kennysheep_okawaru_gauntlet,
          serial_shops, nicolae_shop_competitors_out_of_business
D:4:      kennysheep_kobold_camp, layout_loops_ring, kennysheep_little_box,
          nicolae_dithmenos_through_a_glass_darkly, minmay_temple_entry_waves,
          serial_shops, shop, minmay_manual_maat, uniq_eustachio, uniq_sigmund
D:5:      layout_basic, kennysheep_boxes
D:6:      layout_basic, serial_bayou, serial_bayou_pond_b,
          serial_bayou_lagoon_b, serial_bayou_ford_a, serial_bayou_shore_b,
          serial_bayou_pond_b, serial_bayou_shore_b, minmay_joined_circles
D:7:      layout_cave_pools, hellmonk_guarded_unrand_gyre_and_gimble,
          uniq_duvessa, uniq_menkaure
D:8:      layout_rooms, nemelex_spade_bored_becter, overflow_temple_1_default,
          serial_shops, shop, nicolae_shop_waterfront,
          nicolae_shop_overgrown_old_shop, shop, minmay_misc_feat_pillars,
          minmay_misc_feat_roman, minmay_tree_intersection,
          roderic_serpentine_path, columned_hall_lemuel, uniq_erica
D:9:      layout_stronghold, fedhas_altar_fruit_tree, kennysheep_mini,
          serial_shops, shop, shop, grunt_decor_resistance,
          eino_house_with_fridge
D:10:     gammafunk_the_bubble [the_bubble_gammafunk_crates], layout_cave_pools,
          orc_david_3, minmay_increasing_density, uniq_grum
D:11:     gammafunk_boulding_lane, layout_loops_ring,
          due_lair_maze_entry_diamond, serial_shops,
          nicolae_shop_window_shopping
D:12:     layout_rooms, uniq_psyche
D:13:     layout_basic, david_vaults_3, serial_shops, shop, minmay_puff,
          uniq_urug, uniq_maurice, uniq_nessos
D:14:     layout_roguey, minmay_misc_feat_nine_boxes, chequers_big_river
D:15:     gammafunk_depths_entry_grave, layout_loops_ring,
          nicolae_ru_sacrificial_ziggurat,
          ploomutoo_gammafunk_ghost_potion_laboratory, uniq_josephine,
          uniq_kirke
Lair:1:   beast_lair_carwin_large_4, layout_layer_cave, basic_altar,
          patterned_corridor
Lair:2:   layout_long_grid, palyth_hydra_swamp_entry, special_room
          [special_room_bee], minmay_lair_oklob_chamber
Lair:3:   layout_layer_cave, nicolae_volcano_entry_vermiform, lemuel_fruit_tree,
          infiniplex_staircase_pool, serial_bayou_shore_b, uniq_sonja
Lair:4:   layout_hall_layers, minmay_snake_entry_guardpost_small, basic_altar,
          grunt_megastairs_3
Lair:5:   nzn_winding_woodlands_medium [nzn_winding_woodlands_5x5_closed_star,
          nzn_winding_woodlands_5x15_twine, nzn_winding_woodlands_5x5_cross,
          nzn_winding_woodlands_hourglass, nzn_winding_woodlands_center_garden,
          nzn_winding_woodlands_5x5_three,
          nzn_winding_woodlands_5x5_checkerboard,
          nzn_winding_woodlands_5x15_garden, nzn_winding_woodlands_5x5_default],
          layout_small_grid
Lair:6:   hangedman_lair_tendril_chambers, layout_cellular_growth,
          slime_altar_1, ldierk_geyser, kennysheep_basilisk_garden
Swamp:1:  layout_falls_marsh, evilmike_swamp_ruin_house_4, swamp_pool1,
          nicolae_swamp_catching_bugs
Swamp:2:  layout_basic_swamp, hangedman_swamp_ruin_wall
Swamp:3:  layout_falls_marsh, evilmike_swamp_ruin_house_3
Swamp:4:  grunt_swamp_rune_castle, layout_basic_swamp, uniq_bai_suzhen
Snake:1:  layout_cave_shapes, serial_shops, shop
Snake:2:  layout_gridlike, st_stairs_10, drop_trap, grunt_ministairs_10,
          grunt_megastairs_4
Snake:3:  layout_onion, serial_shops, shop, serial_bayou_shore_a,
          grunt_megastairs_2, uniq_louise, uniq_aizul
Snake:4:  grunt_snake_rune_pools, layout_cave_shapes, grunt_megastairs_5,
          minmay_shop_star
Orc:1:    layout_caves, trog_butcher_becter, uniq_harold
Orc:2:    st_orc_town, layout_caves, nicolae_orc_rich_vein

Skill      XL: |  1  2  3  4  5  6  7  8  9 10 11 12 13 14 15 16 17 18 19 |
---------------+----------------------------------------------------------+-----
Long Blades    | 4 6 7 9 11 | 11.8
Armour         | 2 3 4 5 6 8 9 10 12 | 12.5
Fighting       | 4 5 6 8 9 10 15 17 18 | 18.2
Throwing       | 2 4 6 7 9 11 15 16 | 16.0
Short Blades   | 1 3 |  3.5
Dodging        | 5 8 10 12 13 | 13.3
Evocations     | 3 6 9 |  9.0
Polearms       | 5 15 20 | 20.2

Action                   |  1- 3 |  4- 6 |  7- 9 | 10-12 | 13-15 | 16-18 | 19-21 || total
-------------------------+-------+-------+-------+-------+-------+-------+-------++-------
Melee: Falchion          |    59 |   121 |       |       |       |       |       ||   180
       Long sword        |       |     3 |   208 |       |       |       |       ||   211
       Tailslap          |       |       |     2 |       |     1 |    39 |       ||    42
       Great sword       |       |       |    72 |       |       |       |       ||    72
       Dagger            |       |       |    25 |    24 |       |       |       ||    49
       Pair of quick bla |       |       |       |   456 |   571 |   163 |       ||  1190
       Glaive            |       |       |       |       |   328 |   549 |    80 ||   957
Throw: Dart              |       |       |    19 |    31 |     5 |       |       ||    55
       Javelin           |       |       |       |     4 |       |       |       ||     4
       Boomerang         |       |       |       |       |     4 |    24 |       ||    28
Invok: Berserk           |       |     2 |     8 |     5 |     3 |     4 |     1 ||    23
       Trog's Hand       |       |     1 |     2 |     2 |     1 |     4 |       ||    10
       Brothers in Arms  |       |       |     1 |     1 |     1 |     3 |       ||     6
Evoke: Wand              |       |       |     2 |       |       |     2 |       ||     4
  Use: Scroll            |       |       |    11 |    11 |    11 |     5 |       ||    38
 Stab: Sleeping          |     1 |       |       |       |       |       |       ||     1
       Paralysed         |       |       |     3 |       |       |       |       ||     3
       Distracted        |       |       |       |       |     5 |     6 |     1 ||    12
Armor: Animal skin       |     9 |       |       |       |       |       |       ||     9
       Ring mail         |       |    48 |    28 |       |       |       |       ||    76
       Chain mail        |       |       |   119 |   102 |   283 |   233 |       ||   737
       Storm dragon scal |       |       |       |       |       |   122 |    41 ||   163
Dodge: Dodged            |    34 |    94 |   124 |   142 |   336 |   316 |    51 ||  1097
       Rpst.: Falchion   |    14 |    16 |       |       |       |       |       ||    30
       Long sword        |       |     1 |    23 |       |       |       |       ||    24
       Great sword       |       |       |     4 |       |       |       |       ||     4

Table legend: (Time is in decaauts)
 A = Elapsed time spent in this place.
 B = Non-inter-level travel time spent in this place.
 C = Inter-level travel time spent in this place.
 D = Time resting spent in this place.
 E = Time spent auto-exploring this place.
 F = Levels seen in this place.
 G = Mean time per level.
                   A        B        C        D        E       F      G
               +--------+--------+--------+--------+--------+-----+--------+
         Total |  32526 |  29079 |   3447 |   3218 |  21142 |  31 | 1049.2 |
       Dungeon |  19119 |  16879 |   2240 |   2343 |  12125 |  15 | 1274.6 |
          Lair |   6898 |   6127 |    771 |    639 |   4517 |   6 | 1149.7 |
         Swamp |   2631 |   2409 |    222 |    154 |   1652 |   4 |  657.8 |
     Snake Pit |   2175 |   2071 |    104 |     13 |   1681 |   4 |  543.8 |
  Orcish Mines |   1702 |   1595 |    107 |     68 |   1166 |   2 |  851.0 |
               +--------+--------+--------+--------+--------+-----+--------+

Top non-repeatable levels by time:
     D:6: 2702 daAuts
     D:9: 1856 daAuts
     D:4: 1679 daAuts
    D:11: 1629 daAuts
  Lair:5: 1428 daAuts
  Lair:3: 1402 daAuts
  Lair:1: 1385 daAuts
  Lair:2: 1353 daAuts
     D:5: 1294 daAuts
     D:2: 1238 daAuts
    D:13: 1126 daAuts
    D:10: 1077 daAuts
    D:15: 1077 daAuts
     D:8: 1076 daAuts
     D:1: 1075 daAuts
